 Dungeon Crawl Stone Soup version 0.31.0-11-ge490571c62 (webtiles) character file.

Game seed: 15271550308046715274

763 qw the Shooter (level 7, -11/35 HPs)
             Began as a Spriggan Hunter on Feb 4, 2024.
             Mangled by an ice beast (19 damage)
             ... on level 5 of the Dungeon.
             The game lasted 00:00:13 (2862 turns).

qw the Shooter (Spriggan Hunter)                    Turns: 2862, Time: 00:00:14

Health: -11/35     AC: 12    Str: 13    XL:     7   Next: 51%
Magic:  0/8        EV: 19    Int:  9    God:
Gold:   209        SH:  0    Dex: 20    Spells: 6/6 levels left

rFire   + + .        a - +1 shortbow
rCold   x . .        (shield currently unavailable)
rNeg    . . .        g - quicksilver dragon scales of Qampi {rPois Will+ Str+2 Slay-2}
rPois   +            (helmet restricted)
rElec   .            f - +2 cloak {rCorr}
rCorr   +            (gloves unavailable)
SInv    +            (boots unavailable)
Will    ++...        p - amulet of guardian spirit
Stlth   +            (no ring)
HPRegen 0.25/turn    (no ring)
MPRegen 0.11/turn

%: guardian spirit
@: very quick
A: very small, no large weapons, unfitting armour, see invisible, speed 3, fire
resistance 2, strong 1, cold vulnerability 1
a: no special abilities


You were on level 5 of the Dungeon.
You visited 1 branch of the dungeon, and saw 5 of its levels.

You collected 209 gold pieces.


Innate Abilities, Weirdness & Mutations

You are very small and have problems with some larger weapons.
You are too small for most types of armour.
You have supernaturally acute eyesight. (SInv)
You cover ground extremely quickly. (Speed+++)
Your flesh is very heat resistant. (rF++)
Your muscles are strong. (Str +4, Int/Dex -1)
You are vulnerable to cold. (rC-)


   Skills:
 - Level 2.0 Fighting
 + Level 7.4 Ranged Weapons
 - Level 2.1 Armour
 - Level 6.3 Dodging
 - Level 1.5 Stealth


You had 6 spell levels left.
You didn't know any spells.
Your spell library was empty.

Inventory:

Hand Weapons
 a - a +1 shortbow (weapon)
Armour
 f - a +2 cloak of preservation (worn)
 g - the quicksilver dragon scales of Qampi (worn) {rPois Will+ Str+2 Slay-2}
   (You acquired it on level 1 of the Dungeon)

   Str+2:     It affects your strength (+2).
   Slay-2:    It affects your accuracy & damage with ranged weapons and melee
   (-2).
   rPois:     It protects you from poison Will+: It increases your willpower.
Jewellery
 p - an amulet of guardian spirit (around neck)
Wands
 b - a wand of paralysis (5)
Scrolls
 j - 2 scrolls of teleportation
Potions
 c - a potion of berserk rage {unknown}
 d - 5 potions of curing
 e - a potion of heal wounds
 h - 3 potions of enlightenment
 i - a potion of degeneration {unknown}
 k - a potion of haste {unknown}
 n - a potion of ambrosia {unknown}

Dungeon Overview and Level Annotations

Branches:
Dungeon (5/15)
 Temple: D:4-7

Altars:
Cheibriados
Kikubaaqudgha
Nemelex Xobeh
Vehumet

Annotations:
D:4 2 transporters


Message History

You shoot an arrow. The arrow hits the ice beast.
The ice beast is moderately wounded.
You shoot an arrow. The arrow barely misses the ice beast.
You shoot an arrow.
The arrow hits the ice beast but does no damage.
The ice beast is moderately wounded.
The ice beast hits you but does no damage.
You shoot an arrow. The arrow barely misses the ice beast.
The ice beast closely misses you. x2
You shoot an arrow. The arrow hits the ice beast!
The ice beast is heavily wounded.
The ice beast closely misses you. x2
You shoot an arrow. The arrow barely misses the ice beast.
The ice beast hits you. The ice beast freezes you!
You feel a terrible chill! The ice beast hits you. The ice beast freezes you!
You feel a terrible chill!
You shoot an arrow.
The arrow completely misses the ice beast.
The ice beast misses you.
The ice beast hits you but does no damage.
You shoot an arrow. The arrow barely misses the ice beast.
The ice beast misses you. The ice beast barely misses you.
You shoot an arrow. The arrow hits the ice beast.
The ice beast is severely wounded.
The ice beast hits you but does no damage. x2
You shoot an arrow. The arrow closely misses the ice beast.
The ice beast barely misses you. The ice beast closely misses you.
You shoot an arrow. The arrow closely misses the ice beast.
The ice beast completely misses you.
The ice beast hits you but does no damage.
You shoot an arrow.
The arrow hits the ice beast but does no damage.
The ice beast is severely wounded.
The ice beast misses you. The ice beast completely misses you.
The ice beast hits you but does no damage.
The ice beast completely misses you.
You shoot an arrow. The arrow barely misses the ice beast.
The ice beast completely misses you. The ice beast hits you.
The ice beast freezes you!!
You feel a terrible chill!
Ouch! That really hurt!
You die...

####.....##.....
#.......###.......
#.......#.#......<
#.................
##......#.........
#....#####.......
###..####.......#
###..##..$......
#.......@Y......
....##.....Y....#..
.................#
.........#.......#
#........#.......#
......#............
....##.........##..
.... ........... #.


You could see 2 ice beasts.

Vanquished Creatures
  A sky beast (D:4)
  A black bear (D:5)
  An ogre (D:4)
  A phantom (D:3)
  3 scorpions
  Natasha (twice) (D:4)
  3 orc wizards (D:4)
  An iguana (D:4)
  3 adders
  A dart slug (D:3)
  3 ribbon worms
  4 orcs
  3 endoplasms
  5 giant cockroaches
  6 goblins
  7 hobgoblins
  4 jackals (D:2)
  8 kobolds
  6 quokkas
  6 ball pythons
  2 bats
  4 frilled lizards
  2 rats (D:1)
77 creatures vanquished.

Notes
Turn   | Place    | Note
-------+----------+-------------------------------------------
     0 | D:1      | qw the Spriggan Hunter began the quest for the Orb.
     0 | D:1      | Reached XP level 1. HP: 10/10 MP: 2/2
     0 | D:1      | 0 ||| qw: Version: 0.3-a-160-g6735b56
     0 | D:1      | 0 ||| qw: Game counter: 4616
     0 | D:1      | 0 ||| qw: Melee chars always use a shield: true
     0 | D:1      | 0 ||| qw: God list: Okawaru
     0 | D:1      | 0 ||| qw: Allow faded altars: false
     0 | D:1      | 0 ||| qw: Do Orc after clearing Dungeon:15 true
     0 | D:1      | 0 ||| qw: Do second Lair branch before Depths: true
     0 | D:1      | 0 ||| qw: Lair rune preference: random
     0 | D:1      | 0 ||| qw: Goals: Normal
     0 | D:1      | 0 ||| PLANNING D:1-11
    33 | D:1      | Reached skill level 3 in Dodging
   195 | D:1      | Reached XP level 2. HP: 10/14 MP: 3/3
   657 | D:1      | 657 ||| UPGRADING to +1 cloak of preservation.
   662 | D:1      | 662 ||| READING 2 scrolls labelled JASIRY YNOX.
   663 | D:1      | 663 ||| READING scroll labelled XAENAVV IKOE.
   664 | D:1      | 664 ||| READING scroll labelled MIDWUSCHUADGH.
   669 | D:1      | 669 ||| READING scroll labelled EWO EKLASI.
   670 | D:1      | 670 ||| READING scroll labelled KAFERE UVIMOC.
   670 | D:1      | Identified a scroll of acquirement
   670 | D:1      | 670 ||| ACQUIRING quicksilver dragon scales of Qampi {rPois
                  | Will+ Str+2 Slay-2}
   670 | D:1      | Acquired the quicksilver dragon scales of Qampi {rPois
                  | Will+ Str+2 Slay-2}
   672 | D:1      | 672 ||| UPGRADING to quicksilver dragon scales of Qampi
                  | {rPois Will+ Str+2 Slay-2}.
   682 | D:1      | 682 ||| DROPPING +0 robe.
   683 | D:1      | 683 ||| DRINKING 5 amethyst potions.
   684 | D:1      | 684 ||| DROPPING scroll of butterflies.
   685 | D:1      | 685 ||| DROPPING scroll of revelation.
   915 | D:2      | Found a faded altar of an unknown god.
   945 | D:2      | Reached XP level 3. HP: 18/18 MP: 4/4
  1317 | D:2      | 1317 ||| READING 2 scrolls labelled MOTAEHYO CIAJA.
  1317 | D:2      | 1317 ||| IDENTIFYING clear potion
  1318 | D:2      | 1318 ||| READING scroll of identify.
  1318 | D:2      | 1318 ||| IDENTIFYING bubbling golden potion
  1319 | D:2      | 1319 ||| READING scroll labelled JAREBITZUD.
  1320 | D:2      | 1320 ||| DRINKING 2 pink potions.
  1321 | D:2      | 1321 ||| DROPPING potion of brilliance.
  1472 | D:3      | Reached skill level 5 in Ranged Weapons
  1615 | D:3      | Found a sparkling altar of Nemelex Xobeh.
  1664 | D:3      | Noticed a phantom
  1681 | D:3      | Found a snail-covered altar of Cheibriados.
  1686 | D:3      | Killed a phantom
  1687 | D:3      | Reached XP level 4. HP: 16/22 MP: 5/5
  1687 | D:3      | Reached XP level 5. HP: 19/25 MP: 6/6
  1975 | D:3      | Found a radiant altar of Vehumet.
  1976 | D:3      | 1976 ||| UPGRADING to amulet of guardian spirit.
  1981 | D:3      | 1981 ||| READING scroll labelled FICIFO VEOSKU.
  1981 | D:3      | 1981 ||| ENCHANTING +1 cloak of preservation.
  1982 | D:3      | 1982 ||| READING scroll labelled BEUTEC DEFA.
  1983 | D:3      | 1983 ||| READING scroll labelled QYSCHA QUSE.
  1983 | D:3      | 1983 ||| ENCHANTING +0 shortbow.
  1984 | D:3      | 1984 ||| DRINKING 2 glowing white potions.
  1984 | D:3      | Gained mutation: Your magical capacity is low. (-10% MP)
                  | [potion of mutation]
  1984 | D:3      | Gained mutation: You are resistant to electric shocks.
                  | (rElec) [potion of mutation]
  1984 | D:3      | Gained mutation: You are vulnerable to cold. (rC-) [potion
                  | of mutation]
  1984 | D:3      | Gained mutation: You expend magic power (3 MP) to
                  | strengthen your wands. [potion of mutation]
  1985 | D:3      | 1985 ||| DRINKING potion of mutation.
  1985 | D:3      | Lost mutation: Your magical capacity is low. (-10% MP)
                  | [potion of mutation]
  1985 | D:3      | Lost mutation: You expend magic power (3 MP) to strengthen
                  | your wands. [potion of mutation]
  1985 | D:3      | Lost mutation: You are resistant to electric shocks.
                  | (rElec) [potion of mutation]
  1985 | D:3      | Gained mutation: Your flesh is heat resistant. (rF+)
                  | [potion of mutation]
  1985 | D:3      | Gained mutation: Your flesh is very heat resistant. (rF++)
                  | [potion of mutation]
  1985 | D:3      | Gained mutation: Your muscles are strong. (Str +4, Int/Dex
                  | -1) [potion of mutation]
  1995 | D:3      | 1995 ||| DRINKING 2 orange potions.
  1996 | D:3      | 1996 ||| DROPPING potion of attraction.
  2074 | D:4      | Noticed a sky beast
  2075 | D:4      | 2075 ||| ZAPPING wand of paralysis (9) at 7,-1 (sky beast;
                  | floor).
  2076 | D:4      | 2076 ||| ZAPPING wand of paralysis (8) at 6,-1 (sky beast;
                  | floor).
  2083 | D:4      | 2083 ||| ZAPPING wand of paralysis (7) at 4,0 (sky beast;
                  | floor).
  2084 | D:4      | 2084 ||| ZAPPING wand of paralysis (6) at 3,0 (sky beast;
                  | floor).
  2089 | D:4      | Killed a sky beast
  2132 | D:4      | Found an ancient bone altar of Kikubaaqudgha.
  2180 | D:4      | Found a transporter.
  2184 | D:4      | Noticed Natasha
  2189 | D:4      | Killed Natasha
  2190 | D:4      | Reached skill level 6 in Ranged Weapons
  2190 | D:4      | Reached XP level 6. HP: 30/30 MP: 7/7
  2374 | D:4      | Found a transporter.
  2451 | D:4      | Reached skill level 7 in Ranged Weapons
  2451 | D:4      | Reached XP level 7. HP: 35/35 MP: 8/8
  2509 | D:4      | 2509 ||| READING scroll labelled CESUSE QYES.
  2510 | D:4      | 2510 ||| READING 3 scrolls labelled BEDDEIK VEGOIFYSI.
  2511 | D:4      | 2511 ||| DROPPING 2 scrolls of fear.
  2511 | D:4      | Noticed Natasha
  2523 | D:4      | Killed Natasha
  2788 | D:5      | Entered Level 5 of the Dungeon
  2816 | D:5      | Reached skill level 6 in Dodging
  2862 | D:5      | HP: 8/35 [ice beast (4)]
  2862 | D:5      | Mangled by an ice beast

Levels and vault maps discovered:
D:1:      dpeg_arrival_boxorama, layout_loops_ring
D:2:      layout_basic, shapermc_ecumenical_altar_totnotflames
D:3:      layout_loops_ring, kennysheep_slug_shrine,
          mainiacjoe_overflow_big_doors
D:4:      gammafunk_wand_slinger, layout_basic, kiku_gazebo_pond_becter,
          kennysheep_generic_room_13, uniq_natasha
D:5:      layout_cave_pools, uniq_duvessa

Skill      XL: |  1  2  3  4  5  6  7 |
---------------+----------------------+-----
Dodging        | 3 4 5 6 |  6.3
Ranged Weapons | 5 6 7 |  7.4
Armour         | 2 |  2.1
Fighting       | 2 |  2.0
Stealth        | |  1.5

Action                     |  1- 3 |  4- 6 |  7- 9 || total
---------------------------+-------+-------+-------++-------
   Fire: Shortbow          |   169 |   119 |    68 ||   356
  Evoke: Wand              |       |     4 |       ||     4
    Use: Scroll            |     8 |     3 |     2 ||    13
         Potion            |     2 |     3 |       ||     5
 Armour: Robe              |     2 |       |       ||     2
         Quicksilver drago |    49 |    43 |    33 ||   125
  Dodge: Dodged            |    74 |    90 |    40 ||   204

Table legend:
 A = Non-vault XP
 B = Vault XP
 C = Vault XP percentage of total XP
 D = Non-vault monster count
 E = Vault monster count
 F = Vault count percentage of total count
                 A         B        C        D         E       F
            +---------+---------+-------+---------+---------+-------
      Total |     884 |     207 |  19.0 |      73 |       4 |   5.2
            +---------+---------+-------+---------+---------+-------
        D:1 |      33 |       0 |   0.0 |      21 |       0 |   0.0
        D:2 |      45 |       0 |   0.0 |      17 |       0 |   0.0
        D:3 |     156 |       4 |   2.5 |      12 |       1 |   7.7
        D:4 |     443 |     203 |  31.4 |      20 |       3 |  13.0
        D:5 |     207 |       0 |   0.0 |       3 |       0 |   0.0
            +---------+---------+-------+---------+---------+-------
